 Dungeon Crawl Stone Soup version 0.28-a0-1510-gd0f6b136d3 (webtiles) character file.

Game seed: 3873191129836839810

454 parzival7114810 the Chopper (level 7, 0/60 HPs)
             Began as a Hill Orc Fighter on Jan 14, 2022.
             Slain by Prince Ribbit (10 damage)
             ... on level 5 of the Dungeon.
             The game lasted 00:07:27 (6255 turns).

parzival7114810 the Chopper (Hill Orc Fighter)      Turns: 6255, Time: 00:07:27

Health: 0/60       AC: 12    Str: 21    XL:     7   Next: 5%
Magic:  7/7        EV:  7    Int:  8    God:
Gold:   135        SH:  4    Dex: 10    Spells: 6/6 levels left

rFire   . . .      SeeInvis .   a - +2 war axe
rCold   . . .      Faith    .   c - +0 buckler
rNeg    . . .      Spirit   .   j - +0 chain mail
rPois   .          Reflect  .   (no helmet)
rElec   .          Harm     .   (no cloak)
rCorr   .          Rampage  .   h - +1 pair of gloves
Will    .....                   (no boots)
Stlth   ..........              (no amulet)
HPRegen 0.20/turn               (no ring)
MPRegen 0.10/turn               (no ring)

@: no status effects
A: no striking features
a: no special abilities


You were on level 5 of the Dungeon.
You visited 1 branch of the dungeon, and saw 5 of its levels.

You collected 135 gold pieces.

Inventory:

Hand Weapons
 a - a +2 war axe (weapon)
Armour
 b - a +0 scale mail
 c - a +0 buckler (worn)
 h - a +1 pair of gloves (worn)
 j - a +0 chain mail (worn)
Jewellery
 g - a +6 ring of dexterity
Scrolls
 e - a scroll of identify
 p - a scroll of magic mapping {unknown}
Potions
 d - 2 potions of might
 f - a potion of heal wounds
 i - a potion of curing {unknown}
 k - a potion of berserk rage {unknown}
 l - a potion of resistance {unknown}
 m - 3 potions of brilliance {unknown}
 n - a potion of ambrosia {unknown}
 o - 2 potions of magic {unknown}


   Skills:
 + Level 4.8 Fighting
 + Level 6.9 Axes
 + Level 5.2 Armour
 + Level 0.4 Dodging
 + Level 3.8 Shields


You had 6 spell levels left.
You didn't know any spells.
Your spell library contained the following spells:

 Spells                   Type           Power      Damage    Failure   Level
 Sandblast                Erth           0%         2d4       99%         1
 Passwall                 Tmut/Erth      0%         N/A       100%        2
 Ozocubu's Armour         Ice            0%         N/A       100%        3
 Stone Arrow              Conj/Erth      0%         3d7       100%        3
 Metabolic Englaciation   Hex/Ice        0%         N/A       100%        5
 Simulacrum               Ice/Necr       0%         N/A       100%        6


Dungeon Overview and Level Annotations

Branches:
Dungeon (5/15)
 Temple: D:4-7

Altars:

Shops:
D:2 [

Annotations:
D:4 Pikel
D:5 Prince Ribbit


Message History

You slash Prince Ribbit! You block Prince Ribbit's attack.
The white imp hits you. The white imp freezes you.
Prince Ribbit blinks!
The white imp gestures at you. The puff of frost misses you.
Prince Ribbit blinks!
You closely miss the adder. You hit the white imp but do no damage.
The adder closely misses you. You block the white imp's attack.
The adder bites you.
You are poisoned.
The adder poisons you!
You feel sick. The white imp gestures at you. The puff of frost hits you.
The adder barely misses you.
You slash the white imp!
You kill the white imp!
You hit the adder.
You feel sick. The adder bites you but does no damage.
Prince Ribbit blinks!
You feel sick. The adder bites you. x2
You feel sick. The adder bites you but does no damage.
You closely miss Prince Ribbit.
Prince Ribbit is lightly wounded.
You slash the adder!
You kill the adder!
You feel sick.
You are no longer poisoned.
Prince Ribbit hits you.
You hit Prince Ribbit.
Prince Ribbit is moderately wounded.
Prince Ribbit hits you! Prince Ribbit barely misses you.
You slash Prince Ribbit!
Prince Ribbit is heavily wounded.
Prince Ribbit hits you but does no damage. x2
You hit Prince Ribbit but do no damage.
Prince Ribbit is heavily wounded.
Prince Ribbit hits you.
You slash Prince Ribbit!
Prince Ribbit is almost dead.
Prince Ribbit hits you!
* * * LOW HITPOINT WARNING * * *
Prince Ribbit hits you!
You die...

.......................#
#.....########.........
##....# ##.......#
##....# #........#
#.....## #.......##
.......# ##.......#
.###.....###.......## ##
...#..#........#
...###......@F.#
....###.........# ##..#
##............ .. ###
#....#........ .#
#...###...#### .# +..#
##).# .# #.. #.. ## #..


You could see Prince Ribbit.

Vanquished Creatures
  Sigmund (D:4)
  3 wights (D:3)
  The ghost of axecop the Ruffian, a weakling GrMo (D:3)
  An iguana (D:5)
  4 adders
  A shadow imp (D:5)
  A white imp (D:5)
  4 dart slugs
  3 endoplasms
  6 giant cockroaches
  3 goblins
  6 hobgoblins
  5 jackals
  2 quokkas (D:1)
  6 ball pythons
  4 bats
  4 frilled lizards
  6 kobolds
  8 rats
69 creatures vanquished.

Notes
Turn   | Place    | Note
-------+----------+-------------------------------------------
     0 | D:1      | parzival7114810 the Hill Orc Fighter began the quest for
                  | the Orb.
     0 | D:1      | Reached XP level 1. HP: 19/19 MP: 1/1
   257 | D:1      | Reached XP level 2. HP: 27/27 MP: 2/2
  1523 | D:1      | Reached skill level 3 in Axes
  1523 | D:1      | Reached XP level 3. HP: 31/33 MP: 3/3
  1625 | D:1      | Found a faded altar of an unknown god.
  2221 | D:2      | Found Antunn's Antique Armour Shop.
  3294 | D:3      | Reached XP level 4. HP: 38/40 MP: 4/4
  3297 | D:3      | Found a runed translucent gate.
  3299 | D:3      | Reached skill level 4 in Axes
  3304 | D:3      | Found a runed translucent gate.
  3311 | D:3      | Found a runed translucent gate.
  3317 | D:3      | Noticed axecop's ghost (weakling GrMo)
  3601 | D:3      | Killed axecop's ghost
  3789 | D:3      | Reached XP level 5. HP: 43/46 MP: 5/5
  3903 | D:3      | Reached skill level 5 in Axes
  4387 | D:3      | Reached skill level 6 in Axes
  4387 | D:3      | Reached XP level 6. HP: 41/53 MP: 6/6
  4990 | D:4      | Noticed Sigmund
  5009 | D:4      | Killed Sigmund
  5526 | D:4      | Noticed an acid dragon
  5528 | D:4      | Noticed Pikel
  5604 | D:5      | Entered Level 5 of the Dungeon
  5788 | D:5      | Reached skill level 5 in Armour
  5788 | D:5      | Reached XP level 7. HP: 40/60 MP: 7/7
  6237 | D:5      | Noticed Prince Ribbit
  6255 | D:5      | Slain by Prince Ribbit

Illustrated notes

Levels and vault maps discovered:
D:1:      nzn_arrival_crosshair, layout_basic, shapermc_ecumenical_altar_ellora,
          corexii_corridor_pit
D:2:      layout_basic, serial_shops, nicolae_shop_overgrown_old_shop
D:3:      layout_basic, gammafunk_ghost_split
D:4:      layout_loops_ring, elyvilon_altar_4, minmay_temple_entry_butterflies,
          uniq_crazy_yiuf_cottage, uniq_pikel, uniq_sigmund
D:5:      layout_layer_cave, amethyst_overflow_temple_binary,
          nrook_pool_corridor, saegor_snake_ambush, uniq_eustachio,
          uniq_prince_ribbit1

Skill      XL: |  1  2  3  4  5  6 |
---------------+-------------------+-----
Axes           | 3 4 6 |  6.9
Fighting       | 4 |  4.8
Armour         | 4 5 |  5.2
Dodging        | |  0.4
Shields        | |  3.8

Action                   |  1- 3 |  4- 6 |  7- 9 || total
-------------------------+-------+-------+-------++-------
Melee: War axe           |    87 |    73 |     9 ||   169
Throw: Throwing net      |       |     1 |       ||     1
  Use: Scroll            |     2 |     8 |       ||    10
Armor: Scale mail        |    59 |       |       ||    59
       Chain mail        |    16 |    44 |     4 ||    64
Dodge: Dodged            |    51 |    31 |     5 ||    87
Block: Buckler           |    21 |    15 |     2 ||    38

Table legend: (Time is in decaauts)
 A = Elapsed time spent in this place.
 B = Non-inter-level travel time spent in this place.
 C = Inter-level travel time spent in this place.
 D = Time resting spent in this place.
 E = Time spent auto-exploring this place.
 F = Levels seen in this place.
 G = Mean time per level.
                   A        B        C        D        E       F      G
               +--------+--------+--------+--------+--------+-----+--------+
         Total |   6310 |   6152 |    158 |   2631 |   2803 |   5 | 1262.0 |
       Dungeon |   6310 |   6152 |    158 |   2631 |   2803 |   5 | 1262.0 |
               +--------+--------+--------+--------+--------+-----+--------+

Top non-repeatable levels by time:
     D:3: 2087 daAuts
     D:1: 1952 daAuts
     D:2: 1000 daAuts
     D:5: 653 daAuts
     D:4: 616 daAuts
